 Dungeon Crawl Stone Soup version 0.31-a0-233-g139696dc86 (webtiles) character file.

Game seed: 130245687223665318

43 qw the Shooter (level 3, -1/21 HPs)
             Began as a Gargoyle Hexslinger on July 9, 2023.
             Slain by a goblin
             ... wielding a +0 club
             ... led by Robin
              (2 damage)
             ... on level 2 of the Dungeon.
             The game lasted 00:00:23 (988 turns).

qw the Shooter (Gargoyle Hexslinger)                 Turns: 988, Time: 00:00:23

Health: -1/21      AC:  9    Str: 11    XL:     3   Next: 58%
Magic:  4/4        EV: 10    Int: 13    God:
Gold:   48         SH:  0    Dex: 14    Spells: 3/4 levels left

rFire   . . .        Y - +2 sling
rCold   . . .        (no shield)
rNeg    + . .        h - +0 ring mail
rPois   inf          (no helmet)
rElec   +            i - +0 cloak
rCorr   .            (no gloves)
SInv    .            (no boots)
Will    .....        (no amulet)
Stlth   +            (no ring)
HPRegen 0.23/turn    (no ring)
MPRegen 0.09/turn

%: no passive effects
@: no status effects
A: sickness immunity, AC +3, negative energy resistance 1, electricity
resistance, torment resistance 1, petrification resistance
a: no special abilities


You were on level 2 of the Dungeon.
You visited 1 branch of the dungeon, and saw 2 of its levels.

You collected 48 gold pieces.


Innate Abilities, Weirdness & Mutations

You are immune to sickness and miasma.
Your stone body is resilient. (AC +3)
You are immune to poison.
You resist negative energy. (rN+)
You are resistant to electric shocks. (rElec)
You are resistant to unholy torment.
You are immune to petrification.


   Skills:
 - Level 2.0 Fighting
 + Level 3.2 Ranged Weapons
 - Level 1.0 Armour
 - Level 1.5 Dodging
 - Level 1.0 Spellcasting
 - Level 2.6 Hexes


You had 3 spell levels left.
You knew the following spells:

 Your Spells              Type           Power      Damage    Failure   Level
a - Slow                  Hex            28%        N/A       22%         1

Your spell library contained the following spells:

 Spells                   Type           Power      Damage    Failure   Level
 Inner Flame              Hex/Fire       4%         N/A       75%         3
 Portal Projectile        Hex/Tloc       8%         N/A       75%         3
 Cause Fear               Hex            3%         N/A       91%         4

Inventory:

Hand Weapons
 Y - a +2 sling (weapon)
Armour
 h - a +0 ring mail (worn)
 i - a +0 cloak (worn)
Potions
 d - a potion of cancellation {unknown}
 e - a potion of berserk rage {unknown}
 f - a potion of degeneration {unknown}

Dungeon Overview and Level Annotations

Branches:
Dungeon (2/15)

Altars:

Shops:
D:1 !

Annotations:
D:2 Robin


Message History

You shoot a sling bullet. The goblin shouts!
The sling bullet hits Robin.
Robin is lightly wounded.
You hear a shout!
You shoot a sling bullet.
The sling bullet completely misses Robin.
Robin barely misses you. The hobgoblin barely misses you.
Robin hits you but does no damage.
The hobgoblin hits you but does no damage.
983 ||| Stepping ~*~*~tactically~*~*~ (outnumbered).
Robin attacks as you move away! Robin hits you with a +0 short sword.
You see here a +0 ring mail.
You shoot a sling bullet.
The sling bullet barely misses the hobgoblin.
The sling bullet hits Robin but does no damage.
Robin is lightly wounded.
The hobgoblin barely misses you.
You shoot a sling bullet.
The sling bullet closely misses the hobgoblin.
The sling bullet hits Robin.
Robin is moderately wounded.
Robin throws the goblin at you!
The hobgoblin hits you but does no damage.
You shoot a sling bullet.
The sling bullet closely misses the goblin.
The goblin hits you but does no damage. The hobgoblin closely misses you.
Robin roars a battlecry!
The goblins go into a battle-frenzy!
The hobgoblin hits you. The goblin hits you with a +0 club.
You hear a shout!
You shoot a sling bullet.
The sling bullet completely misses the goblin.
The goblin hits you with a +0 club. The hobgoblin barely misses you.
You shoot a sling bullet. The sling bullet hits the goblin.
The goblin is heavily wounded.
The goblin hits you with a +0 club. The hobgoblin hits you.
Robin roars a battlecry!
The goblin hits you with a +0 club.
You die... #. . ...# # #.. .#.#.# .# #g. #.##.##. gg#

#.##... #g# #(##..
#%# #.##.#
####g#########.##.#
#...gg@g....).....#
#.##)#####..#####.#
#.# #..# #.##### #(#
#..# #...[.. #.##
#..# ###..##
#..####..# ##..#
#..##....######[..#
#..............#..#
#.........#####...##


You could see Robin, a hobgoblin (strong) and 2 goblins.

Vanquished Creatures
  An adder (D:2)
  4 bats (D:1)
  6 endoplasms (D:1)
  A giant cockroach (D:1)
  4 goblins
  3 hobgoblins
  A quokka (D:1)
  6 ball pythons
  A frilled lizard (D:1)
  A kobold (D:1)
  A rat (D:1)
29 creatures vanquished.

Notes
Turn   | Place    | Note
-------+----------+-------------------------------------------
     0 | D:1      | qw the Gargoyle Hexslinger began the quest for the Orb.
     0 | D:1      | Reached XP level 1. HP: 12/12 MP: 2/2
     0 | D:1      | 0 ||| qw: Version: 0.3-a-51-g015441d
     0 | D:1      | 0 ||| qw: Game counter: 4022
     0 | D:1      | 0 ||| qw: Melee chars always use a shield: true
     0 | D:1      | 0 ||| qw: God list: Okawaru
     0 | D:1      | 0 ||| qw: Allow faded altars: false
     0 | D:1      | 0 ||| qw: Do Orc after clearing Dungeon:15 true
     0 | D:1      | 0 ||| qw: Do second Lair branch before Depths: true
     0 | D:1      | 0 ||| qw: Lair rune preference: random
     0 | D:1      | 0 ||| qw: Goals: Normal
     0 | D:1      | 0 ||| PLANNING D:1-11
    53 | D:1      | Found Coedwuomp's Distillery.
    61 | D:1      | 61 ||| SHOPLISTING 2 potions of curing (78 gold, have 0).
    61 | D:1      | 61 ||| SHOPLISTING potion of curing (39 gold, have 0).
    61 | D:1      | 61 ||| SHOPLISTING potion of heal wounds (65 gold, have 0).
    61 | D:1      | 61 ||| SHOPLISTING potion of mutation (104 gold, have 0).
    61 | D:1      | 61 ||| SHOPLISTING potion of resistance (130 gold, have 0).
   199 | D:1      | 199 ||| FLEEEEING.
   200 | D:1      | 200 ||| FLEEEEING.
   201 | D:1      | 201 ||| FLEEEEING.
   202 | D:1      | 202 ||| FLEEEEING.
   203 | D:1      | 203 ||| FLEEEEING.
   204 | D:1      | 204 ||| FLEEEEING.
   205 | D:1      | 205 ||| FLEEEEING.
   206 | D:1      | 206 ||| FLEEEEING.
   207 | D:1      | 207 ||| FLEEEEING.
   208 | D:1      | 208 ||| FLEEEEING.
   209 | D:1      | 209 ||| FLEEEEING.
   210 | D:1      | 210 ||| FLEEEEING.
   211 | D:1      | 211 ||| FLEEEEING.
   212 | D:1      | 212 ||| FLEEEEING.
   213 | D:1      | 213 ||| FLEEEEING.
   215 | D:1      | Reached XP level 2. HP: 15/16 MP: 3/3
   373 | D:1      | Reached skill level 3 in Ranged Weapons
   700 | D:1      | Reached XP level 3. HP: 21/21 MP: 4/4
   866 | D:1      | 866 ||| UPGRADING to +0 ring mail.
   876 | D:1      | 876 ||| DROPPING +0 robe.
   877 | D:1      | 877 ||| UPGRADING to +0 cloak.
   882 | D:1      | 882 ||| READING scroll labelled IJUYSE UBROQ.
   883 | D:1      | 883 ||| READING scroll labelled UWAGEZ FUTHO.
   884 | D:1      | 884 ||| READING scroll labelled PACZEIPICO.
   885 | D:1      | 885 ||| DROPPING scroll of poison.
   903 | D:2      | Reached skill level 1 in Armour
   933 | D:2      | Found the +7 Kryia's mail coat {PotionHeal*2 rC+}
   974 | D:2      | Noticed Robin
   975 | D:2      | 975 ||| Stepping ~*~*~tactically~*~*~ (outnumbered).
   983 | D:2      | 983 ||| Stepping ~*~*~tactically~*~*~ (outnumbered).
   988 | D:2      | HP: 3/21 [goblin/+0 club[Robin] (3)]
   988 | D:2      | HP: 1/21 [hobgoblin (2)]
   988 | D:2      | Slain by a goblin

Levels and vault maps discovered:
D:1:      lightli_arrival_statue_moat, layout_loops_corners, serial_shops, shop,
          minmay_shallow_snake_nest
D:2:      layout_loops_ring, minmay_close_crescents, uniq_natasha, uniq_sigmund,
          uniq_robin

Skill      XL: |  1  2  3 |
---------------+----------+-----
Ranged Weapons | 3 |  3.2
Fighting       | 2 |  2.0
Armour         | 1 |  1.0
Dodging        | |  1.5
Spellcasting   | |  1.0
Hexes          | |  2.6

Action                     || total
---------------------------++-------
   Fire: Sling             ||    72
    Use: Scroll            ||     3
 Armour: Robe              ||     6
         Ring mail         ||     7
  Dodge: Dodged            ||    17

Table legend:
 A = Non-vault XP
 B = Vault XP
 C = Vault XP percentage of total XP
 D = Non-vault monster count
 E = Vault monster count
 F = Vault count percentage of total count
                 A         B        C        D         E       F
            +---------+---------+-------+---------+---------+-------
      Total |      49 |      13 |  21.0 |      21 |       8 |  27.6
            +---------+---------+-------+---------+---------+-------
        D:1 |      33 |       6 |  15.4 |      19 |       4 |  17.4
        D:2 |      16 |       7 |  30.4 |       2 |       4 |  66.7
            +---------+---------+-------+---------+---------+-------
